 Dungeon Crawl Stone Soup version 0.31-a0-609-g7bf6ffcfed (webtiles) character file.

Game seed: 18070763820679363604

409 thirtiethelement the Firebug (level 6, -1/48 HPs)
             Began as a Demonspawn Cinder Acolyte on Aug 22, 2023.
             Was a High Priest of Ignis.
             Slain by an orc
             ... wielding a +0 club
              (4 damage)
             ... on level 3 of the Dungeon.
             The game lasted 00:10:42 (3589 turns).

thirtiethelement the Firebug (DsCA)                 Turns: 3589, Time: 00:10:42

Health: -1/48      AC:  5    Str: 14    XL:     6   Next: 58%
Magic:  10/10      EV: 11    Int: 17    God:    Ignis [*****.]
Gold:   106        SH:  0    Dex:  9    Spells: 8/11 levels left

rFire   + . .        a - -1 hand axe (flame)
rCold   . . .        (no shield)
rNeg    . . .        g - +0 ring mail
rPois   .            (no helmet)
rElec   .            (no cloak)
rCorr   .            (no gloves)
SInv    .            (no boots)
Will    .....        (no amulet)
Stlth   +            (no ring)
HPRegen 0.28/turn    (no ring)
MPRegen 0.24/turn

%: no passive effects
@: confused
A: magic regeneration, sturdy frame 2, weakness stinger 1
a: Renounce Religion, Fiery Armour, Foxfire Swarm, Rising Flame


You were on level 3 of the Dungeon.
You worshipped Ignis.
Ignis was extremely pleased with you.
You visited 1 branch of the dungeon, and saw 4 of its levels.

You collected 106 gold pieces.

Inventory:

Hand Weapons
 a - a -1 hand axe of flaming (weapon)
Missiles
 f - a throwing net
 h - 3 boomerangs (quivered)
Armour
 g - a +0 ring mail (worn)
Jewellery
 i - a ring of ice
Talismans
 r - a maw talisman
 s - a beast talisman
Scrolls
 b - a scroll of identify
 c - a scroll of torment {unknown}
 d - a scroll of enchant weapon {unknown}
 j - a scroll of poison {unknown}
 l - a scroll of enchant armour {unknown}
 n - a scroll of teleportation
 q - a scroll of fog {unknown}
 t - a scroll of blinking {unknown}
 u - a scroll of silence {unknown}
Potions
 e - a potion of resistance
 o - a potion of heal wounds {unknown}
 p - a potion of haste {unknown}


   Skills:
 + Level 3.8 Fighting
 + Level 3.5 Axes
 + Level 1.0 Armour
 + Level 1.7 Dodging
 + Level 0.3 Stealth
 + Level 3.0 Spellcasting
 + Level 1.3 Conjurations
 + Level 4.2 Fire Magic


You had 8 spell levels left.
You knew the following spells:

 Your Spells              Type           Power      Damage    Failure   Level
a - Scorch                Fire           34%        2d6       4%          2
b - Foxfire               Conj/Fire      48%        2x1d6     6%          1

Your spell library contained the following spells:

 Spells                   Type           Power      Damage    Failure   Level
 Momentum Strike          Conj/Tloc      8%         3d8       22%         2
 Blink                    Tloc           4%         N/A       28%         2
 Ensorcelled Hibernation  Hex/Ice        4%         N/A       28%         2
 Lesser Beckoning         Tloc           4%         N/A       28%         2
 Passwall                 Tmut/Erth      1%         N/A       28%         2
 Swiftness                Air            2%         N/A       50%         3
 Plasma Beam              Fire/Air       4%         2x1d14    100%        6
 Simulacrum               Ice/Necr       1%         N/A       100%        6
 Starburst                Conj/Fire      6%         6d4       100%        6
 Ozocubu's Refrigeration  Ice            1%         4d7       100%        7
 Polar Vortex             Ice            1%         N/A       100%        9


Dungeon Overview and Level Annotations

Branches:
Dungeon (4/15)
 Temple: D:4-7

Altars:
Hepliaklqana
Nemelex Xobeh

Shops:
D:2 =


Innate Abilities, Weirdness & Mutations

You regenerate magic rapidly.
Your movements are less encumbered by armour. (ER -4)
You have a small tail.


Message History

You miss something. You miss the orc. The orc hits you but does no damage.
Something hits you. The orc hits you but does no damage.
You barely miss the orc.
Your tail-slap misses the orc.
The orc is heavily wounded.
You hit the orc. You burn the orc. You completely miss something.
The orc closely misses you.
You hear some strange, mumbled words.
A puff of flame appears from out of thin air!
The puff of flame hits you. You resist. The orc hits you with a +0 club.
The orc hits you but does no damage. Something hits you but does no damage.
The orc closely misses you.
You're too confused to move!
The orc closely misses you. Something hits you. The orc barely misses you.
You bump into the rock wall.
You feel less confused. The orc hits you with a +0 hand axe.
* * * LOW HITPOINT WARNING * * *
You hear some strange, mumbled words.
You are confused.
The orc hits you with a +0 club.
* * * LOW HITPOINT WARNING * * *
You miss the orc.
The orc is heavily wounded.
You hit something but do no damage. You closely miss the orc.
The orc hits you but does no damage. Something hits you.
* * * LOW HITPOINT WARNING * * *
The orc hits you with a +0 club.
* * * LOW HITPOINT WARNING * * *
You completely miss the orc.
The orc is heavily wounded.
You miss something. You barely miss the orc. The orc barely misses you.
Something hits you but does no damage. The orc barely misses you.
You're too confused to move!
The orc closely misses you. Something hits you.
* * * LOW HITPOINT WARNING * * *
The orc hits you with a +0 club.
* * * LOW HITPOINT WARNING * * *
It was a potion of magic.
Magic courses through your body. The orc completely misses you.
Something completely misses you. The orc hits you with a +0 club.
You die...

#.#................##......#
#.#................##......#
#####.#................##......##
#......#.##............##........
##.##..#.##............##........
#.##..#.##............##........
#.##..#.##......................
#.##..#.########{....###......##
#.#####......[)@o...............
#.# ##########o...############
#.# #........# #.# #........# #.#
#........# #.# #....)...# ####
#.# #........# ##..## #.#
#........# #.†..# #.# #........#
####....'


You could see 2 orcs.

Vanquished Creatures
  Sigmund (D:2)
  A hound (D:2)
  An orc priest (D:3)
  An orc wizard (D:3)
  A gnoll (D:3)
  4 adders
  2 worms
  3 dart slugs
  11 orcs (D:3)
  3 ball pythons
  6 bats
  9 endoplasms
  4 giant cockroaches
  8 goblins
  6 hobgoblins
  10 kobolds
  3 quokkas
  4 frilled lizards
  5 rats
83 creatures vanquished.

Vanquished Creatures (collateral kills)
  A foxfire (D:1)
1 creature vanquished.

Vanquished Creatures (others)
  70 foxfires
70 creatures vanquished.

Grand Total: 154 creatures vanquished

Notes
Turn   | Place    | Note
-------+----------+-------------------------------------------
     0 | D:1      | thirtiethelement the Demonspawn Cinder Acolyte began the
                  | quest for the Orb.
     0 | D:1      | Reached XP level 1. HP: 18/18 MP: 2/2
   147 | D:1      | Gained mutation: You have a small tail. [demonic ancestry]
   147 | D:1      | Reached XP level 2. HP: 12/24 MP: 3/3
   150 | D:1      | Learned a level 2 spell: Scorch
   152 | D:1      | Learned a level 1 spell: Foxfire
   828 | D:1      | Gained mutation: Your movements are slightly less
                  | encumbered by armour. (ER -2) [demonic ancestry]
   828 | D:1      | Reached XP level 3. HP: 28/30 MP: 0/4
  1078 | D:1      | Found a faded altar of an unknown god.
  1184 | D:2      | Found a sparkling altar of Nemelex Xobeh.
  1194 | D:2      | Reached skill level 3 in Fire Magic
  1511 | D:2      | Noticed Sigmund
  1529 | D:2      | Killed Sigmund
  1530 | D:2      | Reached skill level 1 in Dodging
  1530 | D:2      | Reached skill level 1 in Conjurations
  1530 | D:2      | Gained mutation: You regenerate magic rapidly. [demonic
                  | ancestry]
  1530 | D:2      | Reached XP level 4. HP: 27/37 MP: 1/7
  1530 | D:2      | Reached XP level 5. HP: 31/42 MP: 1/8
  1865 | D:2      | Found Giduv's Jewellery Shoppe.
  1937 | D:2      | Gained mutation: Your movements are less encumbered by
                  | armour. (ER -4) [demonic ancestry]
  1937 | D:2      | Reached XP level 6. HP: 48/48 MP: 7/9
  2307 | D:3      | Found a hazy altar of Hepliaklqana.
  3107 | D:3      | Reached skill level 4 in Fire Magic
  3109 | D:3      | Reached skill level 1 in Armour
  3588 | D:3      | HP: 2/48 [orc/+0 club (4)]
  3589 | D:3      | Slain by an orc

Illustrated notes

Levels and vault maps discovered:
D:1:      orjb1_clovarrival, layout_basic,
          shapermc_ecumenical_altar_mp_ritualfount
D:2:      layout_basic, basic_altar, serial_shops, nicolae_lakefront_shop,
          uniq_sigmund
D:3:      minmay_bubble_buster, layout_basic, mainiacjoe_overflow_alcove_2,
          mainiacjoe_overflow_small_starburst, minmay_pentomino_pile
D:4:      layout_layer_cave, fiery_altar_vehumet

Skill      XL: |  1  2  3  4  5  6 |
---------------+-------------------+-----
Fire Magic     | 3 4 |  4.2
Axes           | 3 |  3.5
Dodging        | 1 |  1.7
Spellcasting   | 2 3 |  3.0
Conjurations   | 1 |  1.3
Armour         | 1 |  1.0
Fighting       | |  3.8
Stealth        | |  0.3

Action                     |  1- 3 |  4- 6 || total
---------------------------+-------+-------++-------
  Melee: Hand axe          |    52 |    19 ||    71
         Tailslap          |     2 |     3 ||     5
         Punch             |       |     1 ||     1
  Throw: Boomerang         |       |     4 ||     4
   Cast: Foxfire           |    23 |    22 ||    45
         Scorch            |    11 |    56 ||    67
 Invoke: Fiery Armour      |     1 |       ||     1
    Use: Scroll            |       |     3 ||     3
         Potion            |       |     1 ||     1
 Armour: Robe              |    18 |       ||    18
         Ring mail         |     6 |    17 ||    23
  Dodge: Dodged            |    37 |    41 ||    78

Table legend: (Time is in decaauts)
 A = Elapsed time spent in this place.
 B = Non-inter-level travel time spent in this place.
 C = Inter-level travel time spent in this place.
 D = Time resting spent in this place.
 E = Time spent auto-exploring this place.
 F = Levels seen in this place.
 G = Mean time per level.
                   A        B        C        D        E       F      G
               +--------+--------+--------+--------+--------+-----+--------+
         Total |   3616 |   3537 |     79 |     63 |   2897 |   4 |  904.0 |
       Dungeon |   3616 |   3537 |     79 |     63 |   2897 |   4 |  904.0 |
               +--------+--------+--------+--------+--------+-----+--------+

Top non-repeatable levels by time:
     D:3: 1371 daAuts
     D:1: 1150 daAuts
     D:2: 1077 daAuts
     D:4: 17 daAuts
